 Dungeon Crawl Stone Soup version 0.31-a0-1074-g0b22e4e0f1 (webtiles) character file.

Game seed: 5423120859777213433

48534 Jeffwins the Grappler (level 14, -3/110 HPs)
             Began as a Troll Earth Elementalist on Dec 1, 2023.
             Was an Elder of Vehumet.
             Slain by a death yak simulacrum (23 damage)
             ... while paralysed by a hornet
             ... on level 5 of the Lair of Beasts.
             The game lasted 00:41:49 (22161 turns).

Jeffwins the Grappler (Troll Earth Elementalist)   Turns: 22161, Time: 00:41:50

Health: -3/110     AC: 12    Str: 19    XL:     14   Next: 12%
Magic:  22/23      EV:  1    Int: 21    God:    Vehumet [****..]
Gold:   1697       SH:  0    Dex: 10    Spells: 14/26 levels left

rFire   . .          .
                       - Unarmed
rCold   . . .        (no shield)
rNeg    . . .        M - +0 troll leather armour
rPois   .            (helmet restricted)
rElec   .            v - +2 cloak
rCorr   .            (gloves unavailable)
SInv    .            (boots unavailable)
Will    +....        x - amulet of reflection
Stlth   +            I - +6 ring of intelligence
HPRegen 1.98/turn    O - +4 ring of protection
MPRegen 0.18/turn

%: reflection
@: paralysed, lethally poisoned (-3 -> -5), slowed
A: large, unfitting armour, claws 3, regeneration 1, shaggy fur 1, tough skin 1
a: Renounce Religion


You were on level 5 of the Lair of Beasts.
You worshipped Vehumet.
Vehumet was greatly pleased with you.
You visited 3 branches of the dungeon, and saw 18 of its levels.
You also visited: Gauntlet and Volcano.

You collected 1697 gold pieces.


Innate Abilities, Weirdness & Mutations

You are too large for most types of armour.
You have claws for hands.
Your natural rate of healing is unusually fast.
You are covered in fur. (AC +1)
You have tough skin. (AC +1)


   Skills:
 + Level 5.2 Throwing
 - Level 2.0 Dodging
 - Level 1.0 Stealth
 - Level 10.0 Unarmed Combat
 * Level 6.6 Spellcasting
 * Level 7.0 Conjurations
 + Level 2.2 Necromancy
 - Level 0.6 Transmutations
 - Level 5.0 Fire Magic
 * Level 4.5 Ice Magic
 * Level 9.7 Earth Magic
 * Level 4.3 Poison Magic
 + Level 4.7 Evocations
 + Level 6.1 Shapeshifting


You had 14 spell levels left.
You knew the following spells:

 Your Spells              Type           Power      Damage    Failure   Level
n - Dispel Undead         Necr           16%        3d10      38%         4
o - Olgreb's Toxic Radia  Pois           25%        N/A       5%          4
x - Stone Arrow           Conj/Erth      84%        3d12      1%          3
z - Foxfire               Conj/Fire      100%       2x1d9     1%          1

Your spell library contained the following spells:

 Spells                   Type           Power      Damage    Failure   Level
 Starburst                Conj/Fire      16%        6d6       32%         6
 Kiss of Death            Conj/Necr      100%       2d13      1%          1
 Sandblast                Erth           94%        2d19      1%          1
 Passwall                 Tmut/Erth      23%        N/A       1%          2
 Poisonous Vapours        Pois/Air       32%        N/A       1%          2
 Frozen Ramparts          Ice            52%        1d8       1%          3
 Brom's Barrelling Bould  Conj/Erth      42%        2d6       1%          4
 Flame Wave               Conj/Fire      32%        2d9       2%          4
 Sting                    Tmut/Pois      68%        1d6       4%          1
 Iskenderun's Mystic Bla  Conj/Tloc      21%        2d6       7%          4
 Summon Small Mammal      Summ           28%        N/A       11%         1
 Petrify                  Tmut/Erth      28%        N/A       13%         4
 Leda's Liquefaction      Hex/Erth       13%        N/A       14%         4
 Call Canine Familiar     Summ           7%         N/A       32%         3
 Confusing Touch          Hex            7%         N/A       32%         3
 Sigil of Binding         Hex            7%         N/A       32%         3
 Summon Guardian Golem    Hex/Summ       7%         N/A       32%         3
 Tukima's Dance           Hex            7%         N/A       32%         3
 Animate Dead             Necr           16%        N/A       38%         4
 Summon Ice Beast         Ice/Summ       16%        N/A       38%         4
 Dimensional Bullseye     Hex/Tloc       3%         N/A       71%         4
 Passage of Golubria      Tloc           7%         N/A       71%         4
 Silence                  Hex/Air        3%         N/A       96%         5
 Summon Mana Viper        Hex/Summ       7%         N/A       96%         5
 Lehudib's Crystal Spear  Conj/Erth      21%        10d6      99%         8
 Haunt                    Necr/Summ      5%         N/A       100%        7
 Monstrous Menagerie      Summ           3%         N/A       100%        7
 Ignition                 Fire           14%        3d6       100%        8
 Infestation              Necr           8%         N/A       100%        8

Inventory:

Missiles
 B - 21 poisoned darts
 D - 16 curare-tipped darts (quivered) {=f}
 J - 5 datura-tipped darts
 R - 8 large rocks {=f}
Armour
 p - a +0 robe of willpower
 v - a +2 cloak (worn)
 E - a +1 robe of fire resistance
 H - +0 steam dragon scales
 M - a +0 troll leather armour (worn)
 T - the +2 cloak of the Thief {*Fog Slay-2 SInv Stlth+}
   (You found it in a Gauntlet)

   *Fog:      It may release a thick cloud of smoke when the wearer is hurt.
   Slay-2:    It affects your accuracy & damage with ranged weapons and melee
   (-2).
   SInv:      It lets you see invisible.
   Stlth+:    It makes you more stealthy.
Magical Staves
 g - a staff of air
 q - a staff of earth
Jewellery
 x - an amulet of reflection (around neck)
 C - a ring of protection from cold
 I - a +6 ring of intelligence (left claw)
 N - a ring of positive energy
 O - a +4 ring of protection (right claw)
 Q - the ring "Sapted Nenyo" {Ice Str+4 Int+6}
   (You found it in a Gauntlet)

   [ring of ice]

   Ice:       It enhances your ice magic.
   Str+4:     It affects your strength (+4).
   Int+6:     It affects your intelligence (+6).
   rF-:       It makes you vulnerable to fire.
   rC+:       It protects you from cold.
 Z - a ring of wizardry
Talismans
 k - a maw talisman
Wands
 u - a wand of polymorph (13)
 w - a wand of mindburst (5)
 z - a wand of charming (13)
 G - a wand of flame (33)
Scrolls
 c - 7 scrolls of teleportation {@r4}
 h - 3 scrolls of immolation {!r}
 j - 3 scrolls of fog
 n - 3 scrolls of amnesia
 o - 3 scrolls of revelation
 s - a scroll of blinking
 y - 2 scrolls of poison {!r}
 A - a scroll of summoning
 K - 2 scrolls of torment {!r}
 L - 2 scrolls of enchant armour
 P - a scroll of vulnerability {!r}
Potions
 a - 4 potions of curing {@q1}
 b - 2 potions of magic
 d - 3 potions of might {unknown}
 e - 3 potions of haste {unknown}
 f - a potion of berserk rage {!q}
 i - 6 potions of enlightenment {unknown}
 l - 3 potions of mutation {unknown}
 m - 3 potions of cancellation
 r - 3 potions of ambrosia
 t - 4 potions of heal wounds {unknown}
 F - 5 potions of brilliance {unknown}
 S - a potion of degeneration {unknown}

Dungeon Overview and Level Annotations

Branches:
Dungeon (12/15)            Temple (1/1) D:4            Lair (5/5) D:10
 Shoals (0/4) Lair:2        Snake (0/4) Lair:2        Slime (0/5) Lair:4
    Orc (0/2) D:9         Volcano (visited)         Gauntlet (visited)

Altars:
Ashenzari
Cheibriados
Dithmenos
Elyvilon
Fedhas
Gozag
Hepliaklqana
Kikubaaqudgha
Makhleb
Nemelex Xobeh
Okawaru
Qazlal
Ru
Sif Muna
Trog
Uskayaw
Vehumet
Wu Jian
Xom
Yredelemnul
Zin
The Shining One
Jiyva
Lugonu

Portals:
Abyss: Lair:5

Annotations:
Lair:3 2 transporters, Smoke131's ghost, journeyman OgGl
Lair:4 1 runed translucent door

#'#..............#
................##
.P...............##
.⌠................#
.P.............[..#
................###
.................#
...............Z##♣
................@.♣
.P...........♣♣♣y.♣
............♣♣ ♣..♣
..........♣.♣ ♣♣..♣
[....♣♣♣♣♣♣♣♣ ♣...♣
....♣♣ ♣♣♣♣ ♣..♣♣
..♣♣♣♣♣♣♣..♣♣ ♣..♣
..♣ ♣♣.♣....♣♣♣.(♣
♣.♣♣♣....♣♣..♣...♣♣


You could see a hornet shaped shifter and a death yak simulacrum.


Message History

The death yak simulacrum freezes you!!
Unknown command.
Unknown command.
Throw: 17 darts (curare) {=f}
Press: ? - help, Q - select action, (/) - cycle Shift-Dir - straight line, f/p - hornet
Aim: a hornet shaped shifter (37% to hit)
You throw a curare-tipped dart {=f}.
The curare-tipped dart {=f} barely misses the hornet.
The hornet stings you!
You suddenly lose the ability to move!
The death yak simulacrum gores you! The death yak simulacrum freezes you!!
* * * LOW HITPOINT WARNING * * *
The hornet stings you.
* * * LOW HITPOINT WARNING * * *
You are poisoned.
You feel yourself slow down. The hornet stings you.
* * * LOW HITPOINT WARNING * * *
You are more poisoned.
You feel as though you will be slow longer.
The death yak simulacrum barely misses you.
You feel very sick.
The hornet stings you but does no damage.
You feel very sick. The hornet stings you.
* * * LOW HITPOINT WARNING * * *
You feel as though you will be slow longer.
The death yak simulacrum gores you!
* * * LOW HITPOINT WARNING * * *
The death yak simulacrum freezes you!!
You die...

Skill      XL: |  1  2  3  4  5  6  7  8  9 10 11 12 13 14 |
---------------+-------------------------------------------+-----
Earth Magic    | 3 4 5 6 7 8 9 |  9.7
Unarmed Combat | 1 2 3 4 5 6 7 8 9 10 | 10.0
Dodging        | 2 |  2.0
Spellcasting   | 2 3 4 5 6 |  6.6
Shapeshifting  | 1 2 3 4 5 6 |  6.1
Conjurations   | 1 2 3 4 5 6 7 |  7.0
Evocations     | 1 2 3 4 |  4.7
Fire Magic     | 2 3 4 5 |  5.0
Throwing       | 1 2 3 4 5 |  5.2
Ice Magic      | 1 3 4 |  4.5
Poison Magic   | 1 2 4 |  4.3
Necromancy     | 2 |  2.2
Stealth        | |  1.0
Transmutations | |  0.6

Action                     |  1- 3 |  4- 6 |  7- 9 | 10-12 | 13-15 || total
---------------------------+-------+-------+-------+-------+-------++-------
  Melee: Unarmed           |   139 |   112 |   266 |   169 |   203 ||   889
         Punch             |     2 |       |    11 |    14 |     9 ||    36
  Throw: Dart              |       |       |     2 |    10 |     8 ||    20
   Cast: Sandblast         |     4 |    26 |     6 |       |       ||    36
         Stone Arrow       |       |       |    59 |   246 |   141 ||   446
         Foxfire           |       |       |     5 |     7 |       ||    12
         Olgreb's Toxic Ra |       |       |       |     9 |    32 ||    41
  Evoke: Wand              |       |       |     2 |    28 |    13 ||    43
    Use: Scroll            |       |       |     9 |     9 |     6 ||    24
         Potion            |       |       |       |     1 |     3 ||     4
   Stab: Sleeping          |     1 |     3 |     3 |       |       ||     7
 Armour: Robe              |    97 |    75 |   233 |    14 |    36 ||   455
         Steam dragon scal |       |       |       |    43 |       ||    43
         Troll leather arm |       |       |       |   219 |   207 ||   426
         Skin              |       |       |       |     3 |       ||     3
  Dodge: Dodged            |    75 |    51 |   147 |    86 |   128 ||   487
  Block: Other             |       |       |    34 |    58 |    48 ||   140
         Reflection        |       |       |     1 |     1 |     1 ||     3
   Form: Beast             |       |     1 |       |       |       ||     1
                           |       |       |       |     1 |       ||     1

Levels and vault maps discovered:
D:1:      scummos_arrival_gate, layout_rooms, bh_walls_and_bars
D:2:      layout_loops_corners, serial_forest, infiniplex_forest_lined_ring,
          infiniplex_forest_split, infiniplex_forest_clump_long,
          infiniplex_forest_zigzag_2, uniq_jessica, uniq_natasha
D:3:      layout_basic, marbit_many_paths, mainiacjoe_overflow_paths,
          minivault_23, uniq_sigmund
D:4:      kennysheep_goblin_castle, layout_basic, mainiacjoe_overflow_boulevard,
          nicolae_gozag_cash_rules_everything_around_me, lemuel_crystal_altar,
          lemuel_coloured_pillars_altar, minmay_temple_entry_glass
D:5:      layout_loops_ring, minitemple, hellmonk_no_cap
D:6:      nicolae_cairo_tiling_large_dashed, layout_basic,
          hellmonk_overflow_destroyed_library, corexii_checkpoint
D:7:      layout_loops_cross, amcnicky_altar_gilded,
          mainiacjoe_overflow_24_doors, grunt_decor_junction,
          minmay_misc_feat_room, serial_library_regret_index_multi,
          water_boxes_lemuel
D:8:      layout_basic
D:9:      layout_loops_ring, orc_0_dummy, uniq_psyche
D:10:     layout_loops_cross, general_overflow_altar,
          nicolae_uskayaw_dance_hall, jmf_multi_god_temple
D:11:     layout_roguey, gauntlet_entry_generic, kennysheep_cross_room,
          uniq_snorg, uniq_grum
D:12:     layout_roguey
Temple:   nicolae_temple_two_arcs
Lair:1:   layout_regular_city, minivault_24, uniq_sonja
Lair:2:   cheibrodos_lair_river_kwai, layout_chaotic_city,
          minmay_shoals_entry_lonely_mermaid, alex1729_snake_entry_snake,
          st_stairs_13, grunt_megastairs_3, lemuel_fruit_fields
Lair:3:   layout_loops_ring, gammafunk_ghost_berserking_beasts,
          serial_bayou_lagoon_b
Lair:4:   layout_roguey, slime_entry_2, nicolae_volcano_entry_lava_flow,
          serial_bayou_shore_b, grunt_megastairs_1, uniq_rupert
Lair:5:   hellmonk_lair_end_abyssal_woods, layout_long_grid,
          eino_house_with_fridge

Notes
Turn   | Place    | Note
-------+----------+-------------------------------------------
     0 | D:1      | Jeffwins the Troll Earth Elementalist began the quest for
                  | the Orb.
     0 | D:1      | Reached XP level 1. HP: 16/16 MP: 1/1
    88 | D:1      | Reached XP level 2. HP: 24/24 MP: 3/3
   135 | D:1      | Reached skill level 3 in Earth Magic
   161 | D:1      | Reached skill level 1 in Unarmed Combat
   284 | D:1      | Reached XP level 3. HP: 31/31 MP: 4/4
   516 | D:2      | Learned a level 3 spell: Stone Arrow
   561 | D:2      | Reached skill level 2 in Dodging
   786 | D:2      | Reached XP level 4. HP: 39/39 MP: 5/5
   978 | D:2      | Reached skill level 2 in Unarmed Combat
  1014 | D:2      | Noticed Jessica
  1024 | D:2      | Killed Jessica
  1025 | D:2      | Reached skill level 2 in Spellcasting
  1194 | D:2      | Noticed Natasha
  1205 | D:2      | Killed Natasha
  1206 | D:2      | Reached XP level 5. HP: 45/45 MP: 4/7
  1249 | D:2      | Noticed Natasha
  1256 | D:2      | Killed Natasha
  1474 | D:2      | Noticed Natasha
  1477 | D:2      | Killed Natasha
  1992 | D:3      | Reached skill level 4 in Earth Magic
  2164 | D:3      | Noticed Sigmund
  2177 | D:3      | Killed Sigmund
  2178 | D:3      | Reached skill level 3 in Unarmed Combat
  2178 | D:3      | Reached skill level 1 in Shapeshifting
  2178 | D:3      | Reached XP level 6. HP: 44/53 MP: 0/8
  2414 | D:3      | Found a white marble altar of Elyvilon.
  2658 | D:3      | Found a shimmering altar of Xom.
  2731 | D:4      | Found a snail-covered altar of Cheibriados.
  2888 | D:4      | You fall into a shaft and drop 2 floors!
  2911 | D:6      | Reached XP level 7. HP: 47/59 MP: 8/10
  2950 | D:5      | Entered Level 5 of the Dungeon
  3158 | D:4      | Found a staircase to the Ecumenical Temple.
  3174 | D:4      | Reached skill level 4 in Unarmed Combat
  3189 | Temple   | Entered the Ecumenical Temple
  3197 | Temple   | Reached skill level 3 in Spellcasting
  3360 | D:4      | Found a shadowy altar of Dithmenos.
  3647 | D:4      | Found an opulent altar of Gozag.
  3737 | D:4      | Found a stormy altar of Qazlal.
  4254 | D:4      | Noticed Robin
  4277 | D:4      | HP: 4/59 [goblin/+0 club[Robin] (2)]
  4417 | D:4      | Killed Robin
  4418 | D:4      | Reached skill level 5 in Earth Magic
  4633 | D:5      | Reached skill level 1 in Conjurations
  4633 | D:5      | Reached skill level 2 in Shapeshifting
  4796 | D:5      | Reached XP level 8. HP: 67/67 MP: 11/11
  5094 | D:5      | Found a radiant altar of Vehumet.
  5101 | D:5      | Became a worshipper of Vehumet
  5104 | D:5      | Found a sacrificial altar of Ru.
  5548 | D:6      | Reached skill level 1 in Evocations
  5761 | D:6      | Reached skill level 2 in Conjurations
  5818 | D:6      | Reached skill level 5 in Unarmed Combat
  5959 | D:6      | Found a shimmering blue altar of Sif Muna.
  5963 | D:6      | Found a bloodstained altar of Trog.
  6426 | D:7      | Found an ornate altar of the Wu Jian Council.
  6582 | D:7      | Found a burning altar of Makhleb.
  6648 | D:7      | Reached * piety under Vehumet
  6648 | D:7      | Offered knowledge of Foxfire by Vehumet.
  7013 | D:7      | Reached skill level 6 in Earth Magic
  7013 | D:7      | Reached XP level 9. HP: 60/74 MP: 13/13
  7015 | D:7      | Learned a level 1 spell: Foxfire
  7400 | D:8      | Reached skill level 3 in Shapeshifting
  7531 | D:8      | Reached skill level 4 in Spellcasting
  7531 | D:8      | Reached skill level 3 in Conjurations
  7544 | D:8      | Reached skill level 1 in Fire Magic
  7677 | D:8      | Reached skill level 2 in Evocations
  7849 | D:8      | Noticed a two-headed ogre
  7854 | D:8      | Killed a two-headed ogre
  7855 | D:8      | Reached skill level 1 in Throwing
  7855 | D:8      | Reached skill level 6 in Unarmed Combat
  7947 | D:8      | Reached skill level 2 in Fire Magic
  8369 | D:9      | Noticed Psyche
  8372 | D:9      | Killed Psyche
  8381 | D:9      | Reached XP level 10. HP: 69/81 MP: 3/15
  8861 | D:9      | Found a staircase to the Orcish Mines.
  9089 | D:9      | Reached skill level 4 in Conjurations
  9402 | D:10     | Entered Level 10 of the Dungeon
  9454 | D:10     | Reached skill level 2 in Throwing
  9457 | D:10     | Reached skill level 7 in Earth Magic
  9546 | D:10     | Noticed a two-headed ogre
  9557 | D:10     | Killed a two-headed ogre
  9558 | D:10     | Reached skill level 7 in Unarmed Combat
  9609 | D:10     | Found an iron altar of Okawaru.
  9609 | D:10     | Found a basalt altar of Yredelemnul.
  9625 | D:10     | Reached skill level 3 in Fire Magic
  9688 | D:10     | Offered knowledge of Magic Dart by Vehumet.
  9692 | D:10     | Reached ** piety under Vehumet
  9754 | D:10     | Noticed a rust devil
  9766 | D:10     | Found a hazy altar of Hepliaklqana.
  9890 | D:10     | Found a staircase to the Lair.
  9946 | D:10     | Reached skill level 4 in Shapeshifting
 10152 | D:10     | Found a hide-covered altar of Uskayaw.
 10359 | D:11     | Noticed Grum
 10600 | D:11     | Noticed a cyclops
 10609 | D:11     | HP: 8/81 [cyclops (10)]
 10610 | D:11     | Killed a cyclops
 10611 | D:11     | Reached skill level 5 in Spellcasting
 10614 | D:11     | Killed Grum
 10614 | D:11     | HP: 5/81 [poisoned by Grum]
 10615 | D:11     | Reached XP level 11. HP: 5/88 MP: 9/17
 10638 | D:11     | Noticed Snorg
 10648 | D:11     | Reached skill level 3 in Evocations
 10677 | D:11     | Killed Snorg
 10767 | D:11     | Found a gate leading to a gauntlet.
 10776 | Gauntlet | Entered a Gauntlet
 10776 | Gauntlet | Found a transporter.
 10776 | Gauntlet | Found a transporter.
 10782 | Gauntlet | Noticed a fire crab
 10814 | Gauntlet | Found a transporter.
 10823 | Gauntlet | Found a transporter.
 10847 | Gauntlet | Found a transporter.
 10851 | Gauntlet | Found a transporter.
 10853 | Gauntlet | Found a transporter.
 10853 | Gauntlet | Found a transporter.
 10853 | Gauntlet | Noticed a sixfirhy
 10853 | Gauntlet | Noticed a sixfirhy
 10854 | Gauntlet | Noticed a sixfirhy
 10857 | Gauntlet | Found a transporter.
 10858 | Gauntlet | Noticed a sixfirhy
 10869 | Gauntlet | Noticed an eight-headed hydra
 10900 | Gauntlet | Found a transporter.
 10911 | Gauntlet | Found a transporter.
 10944 | Gauntlet | Found a transporter.
 10958 | Gauntlet | Found a transporter.
 10971 | Gauntlet | Found a transporter.
 11058 | Gauntlet | Found a transporter.
 11061 | Gauntlet | Noticed a tengu warrior
 11074 | Gauntlet | Found a transporter.
 11176 | Gauntlet | Killed a fire crab
 11218 | Gauntlet | Reached skill level 5 in Conjurations
 11226 | Gauntlet | Reached skill level 3 in Throwing
 11238 | Gauntlet | Identified the ring "Sapted Nenyo" {Ice Str+4 Int+6}
 11276 | Gauntlet | Killed an eight-headed hydra
 11277 | Gauntlet | Reached skill level 4 in Fire Magic
 11279 | Gauntlet | Reached skill level 8 in Unarmed Combat
 11403 | Gauntlet | Found the +2 cloak of the Thief {*Fog Slay-2 SInv Stlth+}
 11403 | Gauntlet | Noticed a minotaur
 11432 | Gauntlet | Killed a minotaur
 11481 | Gauntlet | Reached skill level 1 in Ice Magic
 11481 | Gauntlet | Reached skill level 8 in Earth Magic
 11576 | Gauntlet | Identified the +2 pair of gloves of the Hills {Harm}
 11577 | Gauntlet | Got the Compilation of Firn and the Blaze
 11780 | D:11     | Offered knowledge of Static Discharge by Vehumet.
 12199 | D:11     | Learned a level 4 spell: Olgreb's Toxic Radiance
 12645 | D:12     | Noticed a boulder beetle
 12647 | D:12     | HP: 2/88 [komodo dragon (25)]
 12753 | D:12     | Noticed a green ugly thing
 12762 | D:12     | Killed a green ugly thing
 13017 | D:12     | Reached skill level 1 in Poison Magic
 13169 | D:12     | Reached *** piety under Vehumet
 13176 | D:12     | Reached XP level 12. HP: 56/96 MP: 1/19
 13320 | D:12     | Reached skill level 2 in Ice Magic
 13356 | D:12     | Killed a boulder beetle
 13833 | Lair:1   | Entered Level 1 of the Lair of Beasts
 14142 | Lair:1   | Noticed Sonja
 14149 | Lair:1   | Killed Sonja
 14150 | Lair:1   | Reached skill level 5 in Shapeshifting
 14152 | Lair:1   | Offered knowledge of Airstrike by Vehumet.
 14375 | Lair:1   | Reached skill level 4 in Throwing
 14375 | Lair:1   | Reached skill level 2 in Poison Magic
 14450 | Lair:1   | You fall into a shaft and drop 1 floor!
 15057 | Lair:2   | Reached skill level 6 in Conjurations
 15296 | Lair:2   | Found a staircase to the Shoals.
 15305 | Lair:2   | Reached skill level 9 in Unarmed Combat
 15305 | Lair:2   | Reached skill level 4 in Evocations
 15365 | Lair:2   | Noticed a five-headed hydra
 15371 | Lair:2   | Killed a five-headed hydra
 15372 | Lair:2   | Reached skill level 3 in Ice Magic
 15665 | Lair:2   | Reached skill level 6 in Spellcasting
 16733 | Lair:2   | Noticed a six-headed hydra
 16738 | Lair:2   | Killed a six-headed hydra
 16738 | Lair:2   | Reached **** piety under Vehumet
 16909 | Lair:2   | Found a staircase to the Snake Pit.
 17237 | Lair:3   | Reached XP level 13. HP: 88/102 MP: 9/21
 17456 | Lair:3   | Found a transporter.
 17459 | Lair:3   | Noticed Smoke131's ghost (journeyman OgGl)
 17467 | Lair:3   | Learned a level 4 spell: Dispel Undead
 17483 | Lair:3   | Offered knowledge of Fireball by Vehumet.
 17525 | Lair:3   | Found a transporter.
 17983 | Lair:3   | Reached skill level 9 in Earth Magic
 18137 | Lair:4   | Reached skill level 3 in Poison Magic
 18152 | Lair:4   | Found a dark tunnel.
 18174 | Volcano  | Entered a volcano
 18281 | Volcano  | Reached skill level 5 in Fire Magic
 18642 | Lair:4   | Found a runed translucent door.
 18644 | Lair:4   | Found a viscous altar of Jiyva.
 18645 | Lair:4   | Found a staircase to the Slime Pits.
 18645 | Lair:4   | Noticed an azure jelly
 18951 | Lair:4   | Noticed Rupert
 18983 | Lair:4   | Paralysed by Rupert for 2 turns
 18985 | Lair:4   | Killed Rupert
 18986 | Lair:4   | Reached skill level 1 in Necromancy
 19485 | Lair:5   | Entered Level 5 of the Lair of Beasts
 19857 | Lair:5   | Reached skill level 4 in Ice Magic
 20492 | Lair:5   | Reached skill level 5 in Throwing
 20528 | Lair:5   | Reached skill level 4 in Poison Magic
 20871 | Lair:5   | Reached ***** piety under Vehumet
 21032 | Lair:5   | Offered knowledge of Starburst by Vehumet.
 21033 | Lair:5   | Reached skill level 2 in Necromancy
 21033 | Lair:5   | Reached skill level 6 in Shapeshifting
 21310 | Lair:5   | Reached skill level 10 in Unarmed Combat
 21495 | Lair:5   | Reached XP level 14. HP: 85/110 MP: 19/22
 21520 | Lair:5   | Reached skill level 7 in Conjurations
 22102 | Lair:5   | Found a corrupted altar of Lugonu.
 22102 | Lair:5   | Found a one-way gate to the infinite horrors of the Abyss.
 22158 | Lair:5   | Paralysed by a hornet for 3 turns
 22161 | Lair:5   | Slain by a death yak simulacrum

Vanquished Creatures
  Rupert (Lair:4)
  A minotaur (Gauntlet)
  Snorg (D:11)
  6 hydras
  A boulder beetle (D:12)
  2 two-headed ogres
  2 thrashing horrors (Lair:5)
  A hell hog (Volcano)
  5 death yaks (Lair:5)
  Sonja (Lair:1)
  2 fire crabs
  A skyshark (Lair:4)
  2 ugly things
  2 cyclopes
  A salamander (Lair:2)
  3 manticores
  2 large abominations (Lair:5)
  4 elephants
  A black mamba (Lair:1)
  A merfolk siren (Lair:2)
  12 cane toads
  2 smoke demons (Lair:5)
  2 kobold demonologists
  An unseen horror (D:11)
  A torpor snail (Gauntlet)
  3 rime drakes
  7 komodo dragons
  Psyche (D:9)
  2 minotaur zombies (Gauntlet)
  2 trolls
  2 hornets
  2 polar bears
  11 blink frogs
  2 raiju (Lair:5)
  A shadow (D:9)
  Sigmund (D:3)
  2 spriggans (Lair:5)
  6 wyverns
  7 fire bats
  3 vampires
  A ynoxinul (Lair:5)
  24 yaks
  2 wraiths (D:11)
  4 chaos spawn
  5 basilisks
  A death yak simulacrum (Lair:5)
  5 vampire mosquitoes (D:12)
  Grum (D:11)
  A steam dragon (D:9)
  A neqoxec (Gauntlet)
  4 small abominations (Lair:5)
  2 nagas (Lair:2)
  An acid dragon (D:12)
  13 water moccasins
  A hydra simulacrum (Lair:5)
  2 sky beasts
  4 hell hounds (Volcano)
  2 orc warriors
  3 ice beasts
  A black bear (D:8)
  8 wolves
  A centaur (D:7)
  2 phantoms
  2 kobold brigands
  10 bullfrogs
  2 scorpions (D:6)
  8 killer bees
  3 howler monkeys (D:8)
  2 electric eels (D:7)
  2 hounds
  2 jellies
  4 orc priests
  A gnoll bouda (D:7)
  Jessica (D:2)
  Natasha (thrice) (D:2)
  A hell rat (Lair:5)
  6 sleepcaps
  4 iguanas
  3 orc wizards
  Robin (D:4)
  7 gnolls
  13 adders
  2 shadow imps (D:6)
  2 white imps
  A worm (D:2)
  3 dart slugs (D:2)
  28 orcs
  8 endoplasms
  4 giant cockroaches
  11 hobgoblins
  6 jackals
  27 kobolds
  A quokka (D:4)
  8 ball pythons
  4 bats
  5 frilled lizards
  20 goblins
  6 rats
410 creatures vanquished.

Vanquished Creatures (others)
  An orc wizard (D:8)
  18 foxfires
19 creatures vanquished.

Grand Total: 429 creatures vanquished

Table legend: (Time is in decaauts)
 A = Elapsed time spent in this place.
 B = Non-inter-level travel time spent in this place.
 C = Inter-level travel time spent in this place.
 D = Time resting spent in this place.
 E = Time spent auto-exploring this place.
 F = Levels seen in this place.
 G = Mean time per level.
                   A        B        C        D        E       F      G
               +--------+--------+--------+--------+--------+-----+--------+
         Total |  22104 |  21434 |    670 |   1211 |  16588 |  20 | 1105.2 |
       Dungeon |  12956 |  12443 |    513 |    547 |   9870 |  12 | 1079.7 |
        Temple |     85 |     85 |      0 |     73 |      0 |   1 |   85.0 |
          Lair |   8064 |   7908 |    156 |    480 |   6302 |   5 | 1612.8 |
       Volcano |    149 |    149 |      0 |      0 |      0 |   1 |  149.0 |
      Gauntlet |    848 |    848 |      0 |    111 |    416 |   1 |  848.0 |
               +--------+--------+--------+--------+--------+-----+--------+

Top non-repeatable levels by time:
  Lair:5: 2663 daAuts
  Lair:2: 1988 daAuts
     D:4: 1614 daAuts
  Lair:1: 1311 daAuts
    D:12: 1304 daAuts
    D:11: 1257 daAuts
     D:2: 1209 daAuts
  Lair:4: 1192 daAuts
    D:10: 1097 daAuts
     D:7: 1083 daAuts
     D:9: 1031 daAuts
     D:3: 1017 daAuts
     D:8: 968 daAuts
     D:5: 937 daAuts
     D:6: 936 daAuts

Table legend:
 A = Non-vault XP
 B = Vault XP
 C = Vault XP percentage of total XP
 D = Non-vault monster count
 E = Vault monster count
 F = Vault count percentage of total count
                 A         B        C        D         E       F
            +---------+---------+-------+---------+---------+-------
      Total |   39440 |   29895 |  43.1 |     299 |     112 |  27.3
            +---------+---------+-------+---------+---------+-------
        D:1 |      51 |       0 |   0.0 |      32 |       0 |   0.0
        D:2 |     182 |      73 |  28.6 |      27 |       2 |   6.9
        D:3 |      64 |     232 |  78.4 |      21 |       2 |   8.7
        D:4 |      54 |      89 |  62.2 |       9 |      20 |  69.0
        D:5 |     368 |     113 |  23.5 |      16 |       3 |  15.8
        D:6 |     688 |       2 |   0.3 |      21 |       1 |   4.5
        D:7 |     917 |       0 |   0.0 |      15 |       0 |   0.0
        D:8 |    2076 |       0 |   0.0 |      23 |       0 |   0.0
        D:9 |    1535 |     371 |  19.5 |      15 |       1 |   6.2
       D:10 |    1380 |    1024 |  42.6 |      14 |       2 |  12.5
       D:11 |    3123 |    1585 |  33.7 |      14 |       6 |  30.0
       D:12 |    5069 |       0 |   0.0 |      14 |       0 |   0.0
     Temple |     183 |       0 |   0.0 |       3 |       0 |   0.0
     Lair:1 |    4548 |     660 |  12.7 |      19 |       1 |   5.0
     Lair:2 |    2758 |    5077 |  64.8 |       9 |      15 |  62.5
     Lair:3 |    2601 |       0 |   0.0 |      13 |       0 |   0.0
     Lair:4 |    3799 |    2734 |  41.8 |      11 |       5 |  31.2
     Lair:5 |   10044 |   10163 |  50.3 |      23 |      32 |  58.2
    Volcano |       0 |    3098 | 100.0 |       0 |      11 | 100.0
   Gauntlet |       0 |    4674 | 100.0 |       0 |      11 | 100.0
            +---------+---------+-------+---------+---------+-------
